 Dungeon Crawl Stone Soup version 0.27-a0-1278-g6cbc8dfb29 (webtiles) character file.

Game seed: 11043060453517287421

7245 deadmanwalking the Covert (level 10, -2/66 (73) HPs)
             Began as a Vampire Enchanter on June 12, 2021.
             Was an Initiate of Gozag.
             Slain by a spectral orc warrior (4 damage)
             ... summoned by Nergalle
             ... on level 10 of the Dungeon on June 13, 2021.
             The game lasted 00:44:27 (12333 turns).

deadmanwalking the Covert (Vampire Enchanter)      Turns: 12333, Time: 00:44:29

HP:   -2/66 (73)    AC:  7    Str:  7    XL:     10   Next: 88%
MP:   16/20         EV: 17    Int: 20    God:    Gozag
Gold: 774           SH:  0    Dex: 16    Spells: 14/22 levels left

rFire    + + .     SeeInvis +   a - +5 dagger (freeze)
rCold    . . .     Faith    .   (no shield)
rNeg     . . .     Spirit   .   B - +1 robe "Ruliptet" {rF+ Regen+ rCorr}
rPois    .         Reflect  .   (no helmet)
rElec    .         Harm     .   (no cloak)
rCorr    +         Rampage  .   k - +1 pair of gloves
Will     +....                  F - +1 pair of boots {Stlth+}
Stlth    +++++.....             (no amulet)
HPRegen  1.41/turn              d - +4 ring of evasion
MPRegen  0.17/turn              x - ring of protection from fire

@: healing quickly, drained
A: alive, fangs 3, see invisible, vampiric 2
a: Exsanguinate, Renounce Religion, Potion Petition, Call Merchant, Bribe Branch


You were on level 10 of the Dungeon.
You worshipped Gozag.
Gozag was pleased with you.
You visited 2 branches of the dungeon, and saw 11 of its levels.
You also visited: Sewer.

You collected 1395 gold pieces.
You paid 621 gold pieces to Gozag.

Inventory:

Hand Weapons
 a - a +5 dagger of freezing (weapon)
 b - a +0 hunting sling
Missiles
 c - 7 boomerangs
 e - 129 stones
 f - 57 bolts
 j - 46 poisoned darts
 p - 51 arrows
 A - 6 throwing nets
 M - 25 sling bullets
Armour
 k - a +1 pair of gloves (worn)
 B - the +1 robe "Ruliptet" (worn) {rF+ Regen+ rCorr}
   (You found it on level 5 of the Dungeon)

   It protects you from fire.
   It increases your rate of health regeneration.
   It protects you from acid and corrosion.
 F - a +1 pair of boots of stealth (worn)
Jewellery
 d - a +4 ring of evasion (left hand)
 h - a ring of protection from cold
 t - a ring of protection from cold
 x - a ring of protection from fire (right hand)
 G - a ring of ice
Wands
 g - a wand of iceblast (7)
 w - a wand of flame (25)
Scrolls
 n - 4 scrolls of vulnerability
 s - a scroll of blinking
 v - 7 scrolls of teleportation
 y - 2 scrolls of fog
 z - a scroll of amnesia
 C - 7 scrolls of identify
 D - 2 scrolls of enchant armour
 E - 2 scrolls of magic mapping
 J - a scroll of fear
 K - a scroll of silence {unknown}
Potions
 i - a potion of lignification
 l - a potion of flight
 m - a potion of resistance
 o - 4 potions of curing
 q - 2 potions of berserk rage
 r - 4 potions of brilliance
 u - a potion of haste
 H - a potion of attraction
 I - a potion of heal wounds
Miscellaneous
 L - a piece from Xom's chessboard (14/15)


   Skills:
 + Level 4.4 Fighting
 - Level 10.0 Short Blades
 - Level 4.0 Dodging
 - Level 10.1 Stealth
 + Level 6.8 Spellcasting
 + Level 3.5 Conjurations
 - Level 5.0 Hexes
 + Level 3.9 Fire Magic
 - Level 5.0 Ice Magic


You had 14 spell levels left.
You knew the following spells:

 Your Spells              Type           Power      Damage    Failure   Level
a - Corona                Hex            28%        N/A       1%          1
b - Ensorcelled Hibernat  Hex/Ice        52%        N/A       1%          2
c - Fireball              Conj/Fire      10%        3d6       50%         5

Your spell library contained the following spells:

 Spells                   Type           Power      Damage    Failure   Level
 Foxfire                  Conj/Fire      84%        2x1d8     1%          1
 Confusing Touch          Hex            26%        N/A       3%          3
 Tukima's Dance           Hex            26%        N/A       3%          3
 Dazzling Flash           Conj/Hex       48%        N/A       4%          3
 Inner Flame              Hex/Fire       24%        N/A       4%          3
 Conjure Flame            Conj/Fire      21%        6-21      6%          3
 Apportation              Tloc           12%        N/A       10%         1
 Sticky Flame             Conj/Fire      21%        2d4       21%         4
 Lesser Beckoning         Tloc           3%         N/A       28%         3
 Invisibility             Hex            13%        N/A       88%         6
 Alistair's Intoxication  Tmut/Pois      4%         N/A       95%         5


Dungeon Overview and Level Annotations

Branches:
Dungeon (10/15)            Temple (1/1) D:7           Sewer (visited)
   Lair: D:8-11         Orc: D:9-12

Altars:
Ashenzari
Cheibriados
Dithmenos
Elyvilon
Fedhas
Gozag
Hepliaklqana
Kikubaaqudgha
Makhleb
Nemelex Xobeh
Okawaru
Qazlal
Ru
Sif Muna
Trog
Uskayaw
Vehumet
Wu Jian
Xom
Yredelemnul
Zin
The Shining One

Shops:
D:5 =   D:6 !   D:9 =

Annotations:
D:2 1 runed translucent door, Crazy Yiuf
D:10 Nergalle


Innate Abilities, Weirdness & Mutations

Your natural rate of healing is accelerated.
You have razor-sharp teeth.
You have supernaturally acute eyesight. (SInv)
You are afflicted with vampirism and can become a bat while bloodless.


Message History

You are electrocuted!
You closely miss Nergalle.
Nergalle is severely wounded.
Unknown command.
You hit Nergalle but do no damage.
Nergalle is severely wounded.
The spectral orc barely misses you.
The spectral orc warlord hits you with a +3 great mace of protection.
The spectral orc knight hits you with a +1 long sword of electrocution.
You feel drained. Nergalle completely misses you.
The spectral orc warrior hits you but does no damage.
The spectral orc warrior barely misses you.
You hit Nergalle. You freeze Nergalle. You bite Nergalle, but do no damage.
Nergalle is severely wounded.
You hit Nergalle but do no damage.
Nergalle is severely wounded.
The spectral orc closely misses you.
The spectral orc warlord completely misses you.
The spectral orc warrior misses you.
Nergalle gestures at you while chanting.
The bolt of negative energy misses you.
The bolt of negative energy hits the spectral orc warrior.
The spectral orc warrior completely resists.
The spectral orc knight hits you but does no damage.
You are electrocuted!
The spectral orc warrior misses you.
You puncture Nergalle! You freeze Nergalle.
Nergalle is almost dead.
You hit Nergalle but do no damage. Your bite misses Nergalle.
Nergalle is almost dead.
The spectral orc barely misses you.
The spectral orc knight hits you with a +1 long sword of electrocution.
You are electrocuted!!
* * * LOW HITPOINT WARNING * * *
The spectral orc warlord misses you.
The spectral orc warrior hits you with a +0 war axe.
* * * LOW HITPOINT WARNING * * *
Nergalle closely misses you.
The spectral orc warrior hits you with a +0 flail.
You die...
Your body crumbles into a pile of gold.

..#.# #.# #.. ..#.#
#.# #.#
..#.###.###.##
.....##.##...######
#.#...............#
#.#<..#.##...####.#
#......)###.## ##.##
###.<.####.#.###ZZ.##
..........###..Z@oZ.#
##..#.####.#.###ZZ..#
#..#.# ##.## ##)#.#
............# .# #
##..#.####### .#
...#.. .# ####### ##


You could see Nergalle, a spectral orc (summoned), 2 spectral orc warriors, a
spectral orc knight (summoned) and 2 spectral orc warlords.

Vanquished Creatures
  2 two-headed ogres
  Sigmund (D:5)
  8 yaks (D:9)
  Grum (D:8)
  2 steam dragons
  A water moccasin (D:6)
  An ice beast (D:6)
  3 orc warriors
  2 sky beasts
  2 wolves (D:8)
  3 necrophages
  2 ogres (D:5)
  3 centaurs
  A phantom (D:6)
  4 gnoll sergeants
  2 kobold brigands (D:7)
  2 bullfrogs
  3 scorpions
  A wyvern skeleton (D:5)
  3 killer bees
  5 wights
  An electric eel (D:8)
  A crimson imp (D:9)
  8 hounds
  A centaur zombie (D:5)
  4 gnoll shamans
  5 orc priests
  5 centaur skeletons
  Jessica (D:2)
  3 iguanas
  A scorpion zombie (D:3)
  Natasha (thrice) (D:2)
  6 orc wizards
  A hound zombie (D:3)
  A howler monkey zombie (D:5)
  Robin (D:2)
  10 adders
  26 gnolls
  2 howler monkey skeletons
  A river rat (D:3)
  2 shadow imps
  An ufetubus (D:5)
  2 worms
  27 orcs
  3 bats
  5 endoplasms
  2 giant cockroaches
  15 goblins
  3 hobgoblins
  22 jackals
  A quokka (D:5)
  10 ball pythons
  8 frilled lizards
  A giant cockroach zombie (D:3)
  17 kobolds
  3 rats
255 creatures vanquished.

Vanquished Creatures (others)
  A gnoll sergeant (D:9)
  9 plants (Sewer)
10 creatures vanquished.

Grand Total: 265 creatures vanquished

Notes
Turn   | Place    | Note
-------+----------+-------------------------------------------
     0 | D:1      | deadmanwalking the Vampire Enchanter began the quest for
                  | the Orb.
     0 | D:1      | Reached XP level 1. HP: 13/13 MP: 3/3
   384 | D:1      | Reached XP level 2. HP: 15/19 MP: 3/5
   387 | D:1      | Learned a level 2 spell: Ensorcelled Hibernation
  1060 | D:2      | Noticed Jessica
  1251 | D:2      | Gained mutation: You are afflicted with vampirism and can
                  | become a bat while bloodless. [Vampire growth]
  1251 | D:2      | Reached XP level 3. HP: 21/24 MP: 1/6
  1378 | D:2      | Reached skill level 5 in Stealth
  1416 | D:2      | Killed Jessica
  1417 | D:2      | Reached skill level 5 in Hexes
  1462 | D:2      | Reached XP level 4. HP: 29/30 MP: 1/7
  1579 | D:2      | Noticed Robin
  1600 | D:1      | HP: 1/30 [goblin[Robin] (4)]
  2078 | D:2      | Noticed Natasha
  2080 | D:2      | Killed Natasha
  2186 | D:2      | Noticed Natasha
  2191 | D:2      | Killed Natasha
  2192 | D:2      | Reached skill level 1 in Ice Magic
  2237 | D:2      | Reached XP level 5. HP: 35/35 MP: 6/9
  2333 | D:2      | Found a runed translucent door.
  2334 | D:2      | Noticed Crazy Yiuf
  2355 | D:2      | Killed Robin
  2389 | D:2      | Noticed Natasha
  2394 | D:2      | Killed Natasha
  2776 | D:3      | Found a basalt altar of Yredelemnul.
  2825 | D:3      | Found a glowing drain.
  2904 | Sewer    | Entered a sewer
  3732 | Sewer    | Reached XP level 6. HP: 38/41 MP: 7/10
  4965 | D:4      | Reached skill level 5 in Short Blades
  5249 | D:4      | Reached XP level 7. HP: 37/46 MP: 9/12
  5402 | D:5      | Entered Level 5 of the Dungeon
  5409 | D:5      | Found Ykiehaameu's Jewellery Shop.
  5512 | D:5      | Identified the +1 robe "Ruliptet" {rF+ Regen+ rCorr}
  5666 | D:5      | Noticed Sigmund
  5671 | D:5      | Killed Sigmund
  5703 | D:5      | Reached XP level 8. HP: 52/52 MP: 11/14
  6372 | D:6      | Found Suzyul's Distillery.
  6781 | D:6      | Reached skill level 5 in Spellcasting
  7119 | D:6      | Reached XP level 9. HP: 57/57 MP: 14/16
  7592 | D:7      | Reached skill level 5 in Ice Magic
  7804 | D:7      | Found a staircase to the Ecumenical Temple.
  7812 | D:7      | Reached skill level 10 in Stealth
  7815 | Temple   | Entered the Ecumenical Temple
  7883 | Temple   | Became a worshipper of Gozag Ym Sagoz the Greedy
  8217 | D:7      | Found a hide-covered altar of Uskayaw.
  9050 | D:8      | Noticed Grum
  9061 | D:8      | Reached skill level 10 in Short Blades
  9062 | D:8      | Killed Grum
  9120 | D:8      | Learned a level 5 spell: Fireball
  9293 | D:8      | Reached skill level 1 in Fighting
  9472 | D:8      | Reached skill level 1 in Fire Magic
  9693 | D:8      | Reached skill level 1 in Conjurations
 10108 | D:9      | Found an ornate altar of the Wu Jian Council.
 10108 | D:9      | Found a shadowy altar of Dithmenos.
 10173 | D:9      | Found a snail-covered altar of Cheibriados.
 10208 | D:9      | Found a broken altar of Ashenzari.
 10265 | D:9      | Found a hazy altar of Hepliaklqana.
 10265 | D:9      | Found a sacrificial altar of Ru.
 10265 | D:9      | Found an iron altar of Okawaru.
 10333 | D:9      | Reached XP level 10. HP: 67/67 MP: 14/18
 10625 | D:9      | Found a sparkling altar of Nemelex Xobeh.
 10976 | D:9      | Noticed a two-headed ogre
 11083 | D:9      | Killed a two-headed ogre
 11740 | D:9      | Found a shimmering altar of Xom.
 11741 | D:9      | Found a burning altar of Makhleb.
 12171 | D:10     | Entered Level 10 of the Dungeon
 12171 | D:10     | Noticed a two-headed ogre
 12175 | D:10     | Killed a two-headed ogre
 12229 | D:10     | Noticed a two-headed ogre
 12295 | D:10     | Noticed Nergalle
 12319 | D:10     | Noticed a spectral orc warlord
 12325 | D:10     | Noticed a spectral orc warlord
 12333 | D:10     | HP: 2/66 [spectral orc warrior[Nergalle] (2)]
 12333 | D:10     | Slain by a spectral orc warrior

Illustrated notes

Levels and vault maps discovered:
D:1:      sevenhm_arrival_forest_fort_small_5, layout_loops_ring
D:2:      layout_loops_ring, minivault_27, uniq_jessica,
          uniq_crazy_yiuf_cottage, uniq_natasha, uniq_robin
D:3:      layout_basic, nicolae_yredelemnul_corpse_copse, portal_sewer_entry_a,
          grunt_decor_fettered
D:4:      layout_rooms
D:5:      layout_loops_ring, serial_shops, nicolae_shop_trees, uniq_sigmund
D:6:      layout_loops_corners, serial_shops, nicolae_shop_crystal,
          eino_tiny_chamber, hangedman_glass_teeth
D:7:      layout_basic, marbit_many_paths, minmay_temple_entry_mini_moons
D:8:      layout_loops_ring, fungi_pond_lemuel, uniq_grum
D:9:      layout_cave_pools, grunt_temple_overflow_champion_of_chaos,
          nemelex_xobeh_ov_fountains_minmay, grunt_temple_overflow_open,
          serial_gnoll_camp, gnoll_camp_medium_02, gnoll_camp_mini_house,
          gnoll_camp_mini_hut, gnoll_camp_huts_basic, serial_park_tiny_1
D:10:     layout_loops_ring, bh_circular_ruins, uniq_nergalle, uniq_erolcha,
          uniq_maggie
Temple:   zaba_magenta_temple

Skill      XL: |  1  2  3  4  5  6  7  8  9 10 |
---------------+-------------------------------+-----
Short Blades   | 2 3 4 5 6 8 10 | 10.0
Stealth        | 5 6 7 9 10 | 10.1
Hexes          | 5 |  5.0
Ice Magic      | 1 2 3 4 5 |  5.0
Spellcasting   | 3 4 5 6 |  6.8
Fighting       | 2 4 |  4.4
Dodging        | 3 4 |  4.0
Fire Magic     | 1 3 |  3.9
Conjurations   | 1 3 |  3.5

Action                   |  1- 3 |  4- 6 |  7- 9 | 10-12 || total
-------------------------+-------+-------+-------+-------++-------
Melee: Dagger            |    87 |   178 |   277 |   126 ||   668
       Bite              |     4 |    12 |    17 |     8 ||    41
Throw: Dart              |       |     2 |       |       ||     2
 Cast: Corona            |     9 |    15 |    23 |     9 ||    56
       Ensorcelled Hiber |    10 |    77 |    86 |    81 ||   254
Invok: Call Merchant     |       |       |       |     1 ||     1
Evoke: Piece from Xom's  |       |       |       |     1 ||     1
  Use: Scroll            |     5 |    13 |     6 |     1 ||    25
       Potion            |       |     1 |       |       ||     1
 Stab: Sleeping          |    15 |    55 |    80 |    42 ||   192
Armor: Robe              |    18 |    53 |    33 |    35 ||   139
Dodge: Dodged            |    75 |   179 |   139 |   138 ||   531

Table legend: (Time is in decaauts)
 A = Elapsed time spent in this place.
 B = Non-inter-level travel time spent in this place.
 C = Inter-level travel time spent in this place.
 D = Time resting spent in this place.
 E = Time spent auto-exploring this place.
 F = Levels seen in this place.
 G = Mean time per level.
                   A        B        C        D        E       F      G
               +--------+--------+--------+--------+--------+-----+--------+
         Total |  12283 |  11455 |    828 |     64 |   8569 |  12 | 1023.6 |
       Dungeon |  11202 |  10390 |    812 |      0 |   8111 |  10 | 1120.2 |
        Temple |     98 |     82 |     16 |      0 |     62 |   1 |   98.0 |
         Sewer |    982 |    982 |      0 |     64 |    395 |   1 |  982.0 |
               +--------+--------+--------+--------+--------+-----+--------+

Top non-repeatable levels by time:
     D:9: 1841 daAuts
     D:1: 1405 daAuts
     D:2: 1316 daAuts
     D:8: 1295 daAuts
     D:6: 1270 daAuts
     D:7: 1211 daAuts
     D:3: 1070 daAuts
   Sewer: 982 daAuts
     D:5: 973 daAuts
     D:4: 739 daAuts
  Temple: 98 daAuts
    D:10: 78 daAuts
